 Dungeon Crawl Stone Soup version 0.25-a0-35-g747a2b3c0c (webtiles) character file.

Game seed: 3616607020278516715, levelgen mode: deterministic

303 Ablot the Charmwright (level 6, 0/50 HPs)
             Began as a Gnoll Skald on Oct 19, 2019.
             Slain by Sigmund
             ... wielding a +0 scythe
              (5 damage)
             ... on level 3 of the Dungeon.
             The game lasted 00:05:26 (2275 turns).

Ablot the Charmwright (Gnoll Skald)                 Turns: 2275, Time: 00:05:27

Health: 0/50       AC:  8    Str: 15    XL:     6   Next: 38%
Magic:  8/14       EV: 15    Int: 15    God:
Gold:   107        SH:  0    Dex: 20    Spells: 4/15 levels left

rFire    . . .     SeeInvis .   a - +0 spear
rCold    . . .     Gourm    .   (no shield)
rNeg     . . .     Faith    .   n - +3 leather armour
rPois    .         Spirit   .   s - +0 helmet
rElec    .         Reflect  .   (no cloak)
rCorr    .         Harm     .   o - +0 pair of gloves
MR       .....                  (no boots)
Stlth    ++........             (no amulet)
HPRegen  0.16/turn              q - +5 ring of dexterity
MPRegen  0.14/turn              (no ring)

@: no status effects
A: distributed training, fangs 1, strong nose
a: no special abilities


You were on level 3 of the Dungeon.
You were hungry.

You visited 1 branch of the dungeon, and saw 3 of its levels.

You collected 107 gold pieces.

Inventory:

Hand Weapons
 a - a +0 spear (weapon)
Missiles
 g - 7 stones (quivered)
 j - 34 bolts
Armour
 n - a +3 leather armour (worn)
 o - a +0 pair of gloves (worn)
 s - a +0 helmet (worn)
Jewellery
 q - a +5 ring of dexterity (left hand)
Scrolls
 c - a scroll of remove curse
 l - a scroll of fog {unknown}
 m - a scroll of random uselessness {unknown}
 p - a scroll of enchant weapon {unknown}
 r - a scroll of identify {unknown}
Potions
 f - a potion of flight {unknown}
 h - a potion of resistance {unknown}
 k - a potion of brilliance {unknown}
Comestibles
 d - 7 rations
 i - 3 chunks of flesh


   Skills:
 + Level 4.9 Fighting
 + Level 1.9 Short Blades
 + Level 1.9 Long Blades
 + Level 1.9 Axes
 + Level 1.9 Maces & Flails
 + Level 4.9 Polearms
 + Level 1.9 Staves
 + Level 1.9 Slings
 + Level 1.9 Bows
 + Level 1.9 Crossbows
 + Level 1.9 Throwing
 + Level 3.2 Armour
 + Level 4.9 Dodging
 + Level 1.9 Stealth
 + Level 1.9 Shields
 + Level 1.9 Unarmed Combat
 + Level 5.3 Spellcasting
 + Level 1.5 Conjurations
 + Level 1.5 Hexes
 + Level 5.6 Charms
 + Level 1.5 Summonings
 + Level 1.5 Necromancy
 + Level 1.5 Translocations
 + Level 1.5 Transmutations
 + Level 1.5 Fire Magic
 + Level 1.5 Ice Magic
 + Level 1.5 Air Magic
 + Level 1.5 Earth Magic
 + Level 1.5 Poison Magic
 + Level 2.1 Invocations
 + Level 1.9 Evocations


You had 4 spell levels left.
You knew the following spells:

 Your Spells              Type           Power        Failure   Level  Hunger
a - Infusion              Chrm           ###.         1%          1    None
b - Song of Slaying       Chrm           ###.....     2%          2    #......
c - Shroud of Golubria    Chrm/Tloc      ##....       7%          2    #......
d - Regeneration          Chrm/Necr      ##........   13%         3    ###....
e - Spectral Weapon       Hex/Chrm       ##......     13%         3    ###....

Your spell library contained the following spells:

 Spells                   Type           Power        Failure   Level  Hunger


Dungeon Overview and Level Annotations

Branches:
Dungeon (3/15)

Altars:
Sif Muna

Annotations:
D:3 Sigmund


Innate Abilities, Weirdness & Mutations

Your experience applies equally to all skills.
You have very sharp teeth.
Your uncanny sense of smell can sniff out nearby items.


Message History

You bump into the rock wall.
You're too confused to move!
Sigmund casts a spell at you.
You are more confused.
Sigmund points at you and mumbles some strange words.
The magic dart hits you.
* * * LOW HITPOINT WARNING * * *
You're too confused to move!
Sigmund misses you. Sigmund hits you but does no damage.
A quokka comes into view.
You're too confused to cast spells.
Drop what? 17/52 slots (_ for help) (? for menu, Esc to quit)
Okay, then.
Unknown command.
You bump into the rock wall.
Unknown command.
You bump into the rock wall.
You feel less confused.
Sigmund hits you from afar with a +0 scythe.
You die...

#.# #.# #.############
#.....g....#.########
#.#######...........####
#.# #....r..........
#.#######.........#.....
#.#.............#.#.....
#......@......#.#....(.(
#..##.###@....#.###).>..
#.......................
#.###.#.#....##..)#.....
#.# #.#@#....##...#.##..
#.# #.#g#.#.###...#.##..
#.# #.#.#.#.......#.....
#. #.#.#.#####...#.####
#...#.. ....#..


You could see Sigmund and a quokka.

Vanquished Creatures
  An ogre (D:3)
  An orc priest (D:3)
  Terence (D:3)
  4 gnolls (D:2)
  4 adders
  2 oozes (D:1)
  A worm (D:2)
  3 dart slugs
  13 orcs (D:3)
  A giant cockroach (D:3)
  7 goblins
  4 hobgoblins
  3 jackals (D:2)
  A quokka (D:2)
  4 bats
  4 frilled lizards
  5 kobolds
  7 rats
66 creatures vanquished.

Notes
Turn   | Place    | Note
-------+----------+-------------------------------------------
     0 | D:1      | Ablot the Gnoll Skald began the quest for the Orb.
     0 | D:1      | Reached XP level 1. HP: 20/20 MP: 6/6
    80 | D:1      | Reached XP level 2. HP: 19/26 MP: 7/7
    84 | D:1      | Learned a level 2 spell: Song of Slaying
    87 | D:1      | Learned a level 2 spell: Shroud of Golubria
   346 | D:1      | Reached XP level 3. HP: 31/31 MP: 6/9
   458 | D:1      | Reached skill level 5 in Spellcasting
   960 | D:2      | Learned a level 3 spell: Regeneration
   964 | D:2      | Learned a level 3 spell: Spectral Weapon
  1123 | D:2      | Reached skill level 1 in Invocations
  1175 | D:2      | Reached skill level 1 in Short Blades
  1175 | D:2      | Reached skill level 1 in Long Blades
  1175 | D:2      | Reached skill level 1 in Axes
  1175 | D:2      | Reached skill level 1 in Maces & Flails
  1175 | D:2      | Reached skill level 1 in Staves
  1175 | D:2      | Reached skill level 1 in Slings
  1175 | D:2      | Reached skill level 1 in Bows
  1175 | D:2      | Reached skill level 1 in Crossbows
  1175 | D:2      | Reached skill level 1 in Throwing
  1175 | D:2      | Reached skill level 1 in Stealth
  1175 | D:2      | Reached skill level 1 in Shields
  1175 | D:2      | Reached skill level 1 in Unarmed Combat
  1175 | D:2      | Reached skill level 1 in Evocations
  1204 | D:2      | Reached XP level 4. HP: 37/38 MP: 0/11
  1276 | D:2      | Reached skill level 1 in Conjurations
  1276 | D:2      | Reached skill level 1 in Hexes
  1276 | D:2      | Reached skill level 1 in Summonings
  1276 | D:2      | Reached skill level 1 in Necromancy
  1276 | D:2      | Reached skill level 1 in Translocations
  1276 | D:2      | Reached skill level 1 in Transmutations
  1276 | D:2      | Reached skill level 1 in Fire Magic
  1276 | D:2      | Reached skill level 1 in Ice Magic
  1276 | D:2      | Reached skill level 1 in Air Magic
  1276 | D:2      | Reached skill level 1 in Earth Magic
  1276 | D:2      | Reached skill level 1 in Poison Magic
  1627 | D:2      | Reached XP level 5. HP: 43/43 MP: 12/12
  1838 | D:3      | Noticed Terence
  1840 | D:3      | Noticed an ogre
  1918 | D:3      | Killed an ogre
  1918 | D:3      | Reached XP level 6. HP: 50/50 MP: 2/13
  1928 | D:3      | Killed Terence
  2013 | D:3      | Found a shimmering blue altar of Sif Muna.
  2038 | D:3      | Noticed Sigmund
  2275 | D:3      | Slain by Sigmund

Levels and vault maps discovered:
D:1:      evilmike_arrival_fibonacci_small, layout_basic
D:2:      layout_loops_corners, first_ration
D:3:      layout_basic, lemuel_blue_sif_altar, gup_sewer_entry_bowl,
          uniq_terence, uniq_sigmund, uniq_ijyb

Skill      XL: |  1  2  3  4  5 |
---------------+----------------+-----
Spellcasting   | 5 |  5.3
Invocations    | 1 2 |  2.1
Short Blades   | 1 |  1.9
Long Blades    | 1 |  1.9
Axes           | 1 |  1.9
Maces & Flails | 1 |  1.9
Staves         | 1 |  1.9
Slings         | 1 |  1.9
Bows           | 1 |  1.9
Crossbows      | 1 |  1.9
Throwing       | 1 |  1.9
Stealth        | 1 |  1.9
Shields        | 1 |  1.9
Unarmed Combat | 1 |  1.9
Evocations     | 1 |  1.9
Conjurations   | 1 |  1.5
Hexes          | 1 |  1.5
Summonings     | 1 |  1.5
Necromancy     | 1 |  1.5
Translocations | 1 |  1.5
Transmutations | 1 |  1.5
Fire Magic     | 1 |  1.5
Ice Magic      | 1 |  1.5
Air Magic      | 1 |  1.5
Earth Magic    | 1 |  1.5
Poison Magic   | 1 |  1.5
Armour         | 3 |  3.2
Fighting       | |  4.9
Polearms       | |  4.9
Dodging        | |  4.9
Charms         | |  5.6

Action                   |  1- 3 |  4- 6 || total
-------------------------+-------+-------++-------
Melee: Spear             |   112 |   161 ||   273
       Bite              |    12 |    15 ||    27
       Punch             |       |     2 ||     2
 Cast: Shroud of Golubri |     3 |    14 ||    17
       Infusion          |     1 |     1 ||     2
       Song of Slaying   |     1 |     1 ||     2
       Spectral Weapon   |       |     5 ||     5
       Regeneration      |       |     4 ||     4
  Use: Scroll            |       |     1 ||     1
       Potion            |       |     2 ||     2
 Stab: Sleeping          |     4 |     1 ||     5
  Eat: Chunk             |     1 |     4 ||     5
Armor: Leather armour    |    10 |    32 ||    42
Dodge: Dodged            |    49 |    85 ||   134

Table legend:
 A = Non-vault XP
 B = Vault XP
 C = Vault XP percentage of total XP
 D = Non-vault monster count
 E = Vault monster count
 F = Vault count percentage of total count
                 A         B        C        D         E       F
            +---------+---------+-------+---------+---------+-------
      Total |     396 |      37 |   8.5 |      64 |       2 |   3.0
            +---------+---------+-------+---------+---------+-------
        D:1 |      46 |       1 |   2.1 |      20 |       1 |   4.8
        D:2 |     123 |       0 |   0.0 |      22 |       0 |   0.0
        D:3 |     227 |      36 |  13.7 |      22 |       1 |   4.3
            +---------+---------+-------+---------+---------+-------
